 Dungeon Crawl Stone Soup version 0.29.1-1-gd02db6906a (webtiles) character file.

Game seed: 1545229231663580252

498 H0rd4k the Cutter (level 7, -4/51 HPs)
             Began as a Human Artificer on Oct 6, 2022.
             Was an Initiate of Gozag.
             Slain by Duvessa
             ... wielding a +0 short sword
              (12 damage)
             ... on level 6 of the Dungeon.
             The game lasted 00:05:03 (5262 turns).

H0rd4k the Cutter (Human Artificer)                 Turns: 5262, Time: 00:05:04

Health: -4/51      AC:  7    Str: 12    XL:     7   Next: 39%
Magic:  8/8        EV: 12    Int: 13    God:    Gozag
Gold:   211        SH:  0    Dex: 14    Spells: 6/8 levels left

rFire   . . .      SeeInvis .   o - +6 dagger (holy)
rCold   . . .      Faith    .   (no shield)
rNeg    . . .      Spirit   .   b - +0 leather armour
rPois   .          Reflect  .   (no helmet)
rElec   .          Harm     .   w - +0 cloak
rCorr   .          Rampage  .   (no gloves)
Will    .....                   l - +2 pair of boots
Stlth   +.........              (no amulet)
HPRegen 0.17/turn               (no ring)
MPRegen 0.11/turn               (no ring)

@: no status effects
A: no striking features
a: Renounce Religion, Potion Petition, Call Merchant, Bribe Branch


You were on level 6 of the Dungeon.
You worshipped Gozag.
Gozag was aware of your devotion.
You visited 2 branches of the dungeon, and saw 7 of its levels.

You collected 268 gold pieces.
You paid 57 gold pieces to Gozag.

Inventory:

Hand Weapons
 a - a +0 club
 o - a +6 dagger of holy wrath (weapon)
Missiles
 A - 5 poisoned darts
Armour
 b - a +0 leather armour (worn)
 f - an orb of energy
 l - a +2 pair of boots (worn)
 w - a +0 cloak (worn)
Jewellery
 i - a ring of ice
 q - a ring of ice
 u - a ring of resist corrosion
Wands
 c - a wand of flame (9) (quivered)
 d - a wand of charming (1)
 e - a wand of iceblast (3)
Scrolls
 h - 2 scrolls of identify {unknown}
 j - a scroll of fear {unknown}
 t - a scroll of teleportation {unknown}
 v - a scroll of summoning {unknown}
 x - a scroll of noise {unknown}
 y - a scroll of brand weapon {unknown}
 z - a scroll of fog {unknown}
 C - 3 scrolls of amnesia {unknown}
Potions
 g - 2 potions of mutation {unknown}
 k - 2 potions of lignification {unknown}
 m - a potion of magic {unknown}
 n - 2 potions of curing {unknown}
 p - a potion of attraction {unknown}
 r - a potion of cancellation {unknown}
 s - 2 potions of might {unknown}
 B - a potion of berserk rage {unknown}


   Skills:
 + Level 2.9 Fighting
 * Level 3.8 Short Blades
 + Level 3.3 Maces & Flails
 - Level 2.0 Armour
 + Level 3.5 Dodging
 - Level 1.0 Stealth
 * Level 1.1 Spellcasting
 - Level 3.0 Evocations


You had 6 spell levels left.
You knew the following spells:

 Your Spells              Type           Power      Damage    Failure   Level
a - Call Imp              Summ           0%         N/A       47%         2

Your spell library contained the following spells:

 Spells                   Type           Power      Damage    Failure   Level
 Magic Dart               Conj           0%         1d3       34%         1
 Call Canine Familiar     Summ           0%         N/A       71%         3
 Mephitic Cloud           Conj/Pois/Air  0%         N/A       71%         3
 Portal Projectile        Hex/Tloc       0%         N/A       71%         3
 Leda's Liquefaction      Hex/Erth       0%         N/A       98%         4


Dungeon Overview and Level Annotations

Branches:
Dungeon (6/15)             Temple (1/1) D:4

Altars:
Cheibriados
Dithmenos
Elyvilon
Gozag
Hepliaklqana
Kikubaaqudgha
Nemelex Xobeh
Okawaru
Qazlal
Uskayaw
Vehumet
Wu Jian

Annotations:
D:3 1 runed translucent door, exclusions: door and downstairs, chrees's ghost, amateur HOFi
D:6 Duvessa


Message History

Duvessa is no longer charmed.
Duvessa completely misses you.
Aiming: Iceblast
Press: ? - help, Shift-Dir - straight line, f/p - Duvessa
Aim: Duvessa, wielding a +0 short sword and wearing a +1 ring mail of cold resistance (heavily wounded, berserk) That beam is likely to hit you.
Continue anyway?
Okay, then.
Saving game... please wait.
Level annotation: Duvessa Welcome back, H0rd4k the Human Artificer.
Gozag says: Greed is good.
Press ? for a list of commands and other information.
Aiming: Iceblast
Press: ? - help, Shift-Dir - straight line, f - Duvessa
Aim: Duvessa, wielding a +0 short sword and wearing a +1 ring mail of cold resistance (heavily wounded, berserk) That beam is likely to hit you.
Continue anyway?
The mass of ice explodes!
The iceblast engulfs Duvessa!
Duvessa partially resists.
Duvessa is severely wounded.
The iceblast engulfs you!
Duvessa hits you with a +0 short sword!!
Aiming: Charm
Press: ? - help, Shift-Dir - straight line, f/p - Duvessa
Aim: Duvessa, wielding a +0 short sword and wearing a +1 ring mail of cold resistance (severely wounded, berserk, chance to affect: 38%) Duvessa resists with some effort.
Duvessa hits you with a +0 short sword.
* * * LOW HITPOINT WARNING * * *
Duvessa closely misses you.
Aiming: Charm
Press: ? - help, Shift-Dir - straight line, f/p - Duvessa
Aim: Duvessa, wielding a +0 short sword and wearing a +1 ring mail of cold resistance (severely wounded, berserk, chance to affect: 38%) Duvessa resists with some effort.
Duvessa hits you with a +0 short sword!
* * * LOW HITPOINT WARNING * * *
Unknown command.
Aiming: Charm
Press: ? - help, Shift-Dir - straight line, f/p - Duvessa
Aim: Duvessa, wielding a +0 short sword and wearing a +1 ring mail of cold resistance (severely wounded, berserk, chance to affect: 38%) Duvessa resists with some effort.
Duvessa closely misses you. Duvessa hits you with a +0 short sword!
You die...
Your body crumbles into a pile of gold.

#..........#..###'#....# ..
...####....#'##........# .
...'..#................#
...#..#................#
...##'#............#####
...................#
...................# ..
...<...............# ...
...............e@..#+######...
...#####'#########....>......#
...# #.........#...........+
...# #.........#...........#
...# ####..##..#...........#
#### ##..#######.......##
#....#....#....e..+
#....'...e#.......#
#....#....$$......#


You could see Duvessa (berserk).

Vanquished Creatures
  2 howler monkeys
  Jessica (D:2)
  An iguana (D:4)
  Natasha (thrice) (D:2)
  An orc wizard (D:6)
  4 gnolls (D:4)
  An adder (D:2)
  2 worms (D:3)
  2 dart slugs
  3 orcs
  7 ball pythons
  5 bats
  5 endoplasms
  2 giant cockroaches
  A hobgoblin (D:1)
  4 jackals (D:3)
  2 quokkas
  4 frilled lizards
  9 goblins
  5 kobolds
  10 rats
74 creatures vanquished.

Vanquished Creatures (collateral kills)
  An ogre (D:6)
  Dowan (D:6)
  3 orcs (D:6)
5 creatures vanquished.

Vanquished Creatures (others)
  An iguana (D:4)
  A gnoll (D:5)
2 creatures vanquished.

Grand Total: 81 creatures vanquished

Notes
Turn   | Place    | Note
-------+----------+-------------------------------------------
     0 | D:1      | H0rd4k the Human Artificer began the quest for the Orb.
     0 | D:1      | Reached XP level 1. HP: 15/15 MP: 1/1
   271 | D:1      | Reached skill level 1 in Maces & Flails
   271 | D:1      | Reached XP level 2. HP: 13/21 MP: 2/2
  1160 | D:1      | Reached XP level 3. HP: 24/26 MP: 3/3
  1581 | D:2      | Noticed Natasha
  1586 | D:2      | Killed Natasha
  1587 | D:2      | Reached XP level 4. HP: 28/33 MP: 4/4
  1898 | D:2      | Noticed Natasha
  1911 | D:2      | Killed Natasha
  2191 | D:2      | Noticed Jessica
  2199 | D:2      | Killed Jessica
  2200 | D:2      | Reached XP level 5. HP: 34/38 MP: 5/5
  2213 | D:2      | Noticed Natasha
  2223 | D:2      | Killed Natasha
  3105 | D:3      | Found a runed translucent door.
  3108 | D:3      | Noticed chrees's ghost (amateur HOFi)
  3260 | D:3      | Reached skill level 1 in Short Blades
  3260 | D:3      | Reached XP level 6. HP: 46/46 MP: 6/6
  3595 | D:3      | Learned a level 2 spell: Call Imp
  3748 | D:4      | Found a staircase to the Ecumenical Temple.
  3759 | Temple   | Entered the Ecumenical Temple
  4064 | Temple   | Became a worshipper of Gozag Ym Sagoz the Greedy
  4736 | D:5      | Entered Level 5 of the Dungeon
  4789 | D:5      | HP: 1/46 [gnoll/+0 club[a gnoll bouda] (3)]
  5168 | D:6      | Noticed an ogre
  5192 | D:6      | Noticed Dowan
  5194 | D:6      | Noticed Duvessa
  5205 | D:6      | Killed Dowan
  5206 | D:6      | Reached XP level 7. HP: 38/51 MP: 6/8
  5229 | D:6      | Reached skill level 1 in Spellcasting
  5262 | D:6      | Slain by Duvessa

Illustrated notes

Levels and vault maps discovered:
D:1:      dpeg_arrival_pits, layout_basic, minmay_cut_off
D:2:      layout_loops_ring, uniq_jessica, uniq_natasha
D:3:      layout_basic, hellmonk_ghost_happy_afterlife, serial_co_window_serial,
          co_window_of_opportunity_a, co_window_paths_a, co_window_paths_b,
          co_window_of_opportunity_a, co_window_paths_b, co_window_corner_a,
          co_window_paths_a, co_window_broadway_a, co_window_broadway_a,
          co_window_unsneaky_path_e, co_window_2corner, co_window_4corner_b,
          co_window_4corner_a, glass_columns_a, glass_columns_c
D:4:      layout_rooms, minmay_temple_entry_ruins
D:5:      cheibrodos_iron_armory, layout_cave_pools, zin_treasury, uniq_sigmund
D:6:      layout_gridville, uniq_duvessa, uniq_blork_the_orc
Temple:   nicolae_temple_x_marks_the_god

Skill      XL: |  1  2  3  4  5  6  7 |
---------------+----------------------+-----
Maces & Flails | 1 2 3 |  3.3
Dodging        | 2 3 |  3.5
Fighting       | 2 |  2.9
Short Blades   | 1 3 |  3.8
Spellcasting   | 1 |  1.1
Armour         | |  2.0
Stealth        | |  1.0
Evocations     | |  3.0

Action                   |  1- 3 |  4- 6 |  7- 9 || total
-------------------------+-------+-------+-------++-------
Melee: Club              |    98 |    60 |       ||   158
       Punch             |     1 |     2 |       ||     3
       Dagger            |       |   143 |     8 ||   151
Evoke: Wand              |     5 |    12 |     5 ||    22
 Stab: Sleeping          |     3 |     4 |       ||     7
Armor: Leather armour    |    41 |    63 |     8 ||   112
Dodge: Dodged            |    85 |   131 |     3 ||   219
